 Dungeon Sprint DCSS version 0.30.0-17-ge0270778cf (webtiles) character file.

Game seed: 4240527352482539411

21544 boopmooplesden the Executioner (level 12, -26/137 HPs)
             Began as a Minotaur Berserker on May 21, 2023.
             Was the Champion of Trog.
             Annihilated by a white very ugly thing (42 damage)
             ... in the Dungeon (Sprint IX: "|||||||||||||||||||||||||||||").
             The game lasted 00:05:40 (2907 turns).

boopmooplesden the Executioner (Minotaur Berserker) Turns: 2907, Time: 00:05:41

Health: -26/137    AC: 28    Str: 36    XL:     12   Next: 55%
Magic:  3/3        EV: 12    Int:  4    God:    Trog [******]
Gold:   1740       SH:  0    Dex: 10    Spells: 11/11 levels left

rFire   + + .        B - +6 executioner's axe of Eternity {antimagic, rElec Str+5}
rCold   . . .        (shield currently unavailable)
rNeg    . . .        I - +0 plate armour of Lilacs {rF++ Str+4}
rPois   +            (helmet restricted)
rElec   +            t - +0 cloak
rCorr   .            l - +2 pair of gloves
SInv    .            z - +2 pair of boots
Will    .....        (no amulet) Stlth
                     G - ring of poison resistance
HPRegen 0.42/turn    o - +2 ring of protection
MPRegen 0.08/turn

%: no teleportation
@: on berserk cooldown, slowed, very slow
A: horns 2, retaliatory headbutt
a: Renounce Religion, Berserk, Trog's Hand, Brothers in Arms


You were in the Dungeon.
You worshipped Trog.
Trog was exalted by your worship.
You visited 1 branch You collected 1938 gold pieces.
You spent 198 gold pieces at shops.

Inventory:

Hand Weapons
 k - a +3 war axe of freezing
 n - the +3 executioner's axe of Blood {flame, rPois rF+ Will+ Stlth+}
   (Trog gifted it to you in the Dungeon)

   rF:        It protects you from fire.
   rPois:     It protects you from poison.
   Will:      It increases your willpower.
   Stlth:     It makes you more stealthy.
 r - a +6 great sword of flaming
 v - a +2 battleaxe of flaming
 w - a +6 antimagic battleaxe
 y - a +6 broad axe
 B - the +6 executioner's axe of Eternity (weapon) {antimagic, rElec Str+5}
   (Trog gifted it to you in the Dungeon)

   Str:       It affects your strength (+5).
   rElec:     It insulates you from electricity.
Missiles
 C - 5 silver javelins (quivered)
Armour
 l - a +2 pair of gloves (worn)
 t - a +0 cloak (worn)
 z - a +2 pair of boots (worn)
 H - +1 ice dragon scales
 I - the +0 plate armour of Lilacs (worn) {rF++ Str+4}
   (You found it in the Dungeon)

   Str:       It affects your strength (+4).
   rF:        It greatly protects you from fire.
Jewellery
 o - a +2 ring of protection (right hand)
 D - a ring of fire
 E - a ring of see invisible
 F - a ring of ice
 G - a ring of poison resistance (left hand)
Wands
 i - a wand of polymorph (2)
 j - a wand of light (10)
Scrolls
 b - 3 scrolls of fear
 h - 4 scrolls of blinking
 m - 2 scrolls of enchant armour
 q - a scroll of identify
 u - a scroll of fog
Potions
 a - a potion of might
 c - 6 potions of curing
 d - 7 potions of heal wounds
 e - 2 potions of haste
 f - 4 potions of magic
 g - 3 potions of berserk rage
 p - a potion of resistance
 s - a potion of invisibility
 A - a potion of mutation {unknown}


   Skills:
 + Level 21.7 Fighting
 + Level 12.3 Long Blades
 + Level 22.6 Axes
 + Level 16.5 Armour
 + Level 10.7 Dodging
 + Level 2.3 Stealth


You had 11 spell levels left.
You didn't know any spells.
Your spell library was empty.

Dungeon Overview and Level Annotations

Branches:
Dungeon (1/1)

Altars:
Cheibriados
Dithmenos
Elyvilon
Fedhas
Gozag
Hepliaklqana
Kikubaaqudgha
Makhleb
Nemelex Xobeh
Okawaru
Qazlal
Ru
Sif Muna
Trog
Uskayaw
Vehumet
Wu Jian
Xom
Yredelemnul
Zin
The Shining One
Jiyva
Lugonu

Shops:
D ([!?


Innate Abilities, Weirdness & Mutations

You have a pair of horns on your head.
You reflexively headbutt those who attack you in melee.


Message History

The fire giant burns your deep troll.
Your deep troll bites the fire giant!!
Your deep troll claws the fire giant!!
The fire giant dies!
Trog accepts your kill.
Trog appreciates your killing of a magic user.
You see here a boulder beetle corpse.
You feel much better.
Your deep troll bites the white very ugly thing but does no damage.
Your deep troll claws the white very ugly thing!
Your deep troll closely misses the white very ugly thing.
The white very ugly thing closely misses your deep troll.
Your deep troll bites the white very ugly thing!
Your deep troll claws the white very ugly thing but does no damage.
Your deep troll claws the white very ugly thing!
Your deep troll bites the white very ugly thing but does no damage.
Your deep troll claws the white very ugly thing!
Your deep troll claws the white very ugly thing!!
The white very ugly thing engulfs your deep troll!
The white very ugly thing freezes your deep troll!!!
Your deep troll barely misses the white very ugly thing. x3
The white very ugly thing engulfs your deep troll!!
Your deep troll dies!
Your deep troll's corpse disappears in a puff of smoke!
Things that are here:
the +3 executioner's axe of Blood {flame, rPois rF+ Will+ Stlth+}; a manticore corpse
n - the +3 executioner's axe of Blood {flame, rPois rF+ Will+ Stlth+} The green very ugly thing basks in the mutagenic energy from its kin and changes!
The white very ugly thing engulfs you! The white very ugly thing freezes you!!
* * * LOW HITPOINT WARNING * * *
A fire dragon comes into view.
The white very ugly thing engulfs you but does no damage.
You see here a boulder beetle corpse.
You're still recovering from your berserk rage.
You barely miss the white very ugly thing.
The white very ugly thing is severely wounded.
The fire dragon roars deafeningly!
The white very ugly thing engulfs you!
* * * LOW HITPOINT WARNING * * *
The white very ugly thing freezes you!!!
You die...

▓.▓)▓.▓.▓.▓.▓_▓
▓.▓.▓.▓.▓.▓.▓_▓
▓.▓.▓.▓.▓.▓.▓_▓
▓.▓.▓)▓.▓.▓.▓_▓
▓.▓.▓)▓.▓'▓.▓'▓
▓†▓.▓.▓.▓÷▓.▓.▓
▓)▓.▓)▓.▓÷▓.▓?▓
▓†▓.▓.▓.▓.▓.▓)▓
▓@▓.▓)▓.▓.▓.▓.▓
▓u▓.▓∩▓.▓.▓.▓[▓
▓u▓.▓)▓.▓.▓.▓.▓
▓.▓.▓∩▓.▓.▓.▓.▓
▓o▓.▓.▓.▓.▓.▓.▓
▓C▓.▓∩▓.▓!▓.▓.▓
▓.▓.▓.▓.▓?▓.▓)▓
▓D▓.▓∩▓.▓.▓.▓[▓
▓.▓.▓.▓.▓!▓.▓.▓


You could see 2 very ugly things, a fire dragon, an orc knight and an ettin.

Vanquished Creatures
  A fire giant (D)
  Erica (D)
  3 centaur warriors (D)
  A tengu warrior (D)
  A two-headed ogre (D)
  2 boulder beetles (D)
  Urug (D)
  2 death yaks (D)
  3 orc knights (D)
  4 orc sorcerers (D)
  An ugly thing (D)
  A cyclops (D)
  A manticore (D)
  An elephant (D)
  A guardian serpent (shapeshifter) (D)
  A black mamba (D)
  Maurice (D)
  A cane toad (D)
  A gargoyle (D)
  A freezing wraith (D)
  6 komodo dragons (D)
  2 polar bears (D)
  2 yaks (D)
  A basilisk (D)
  An acid dragon (D)
  3 water moccasins (D)
  11 orc warriors (D)
  3 black bears (D)
  A centaur (D)
  3 bullfrogs (D)
  A killer bee (D)
  3 orc priests (D)
  A sleepcap (D)
  An iguana (D)
  4 orc wizards (D)
  An adder (D)
  9 orcs (D)
  2 endoplasms (D)
  A kobold (D)
  2 quokkas (D)
87 creatures vanquished.

Vanquished Creatures (collateral kills)
  A fire giant (D)
  2 orc high priests (D)
  2 orc knights (D)
  An orc sorcerer (D)
  A polar bear (D)
  2 black bears (D)
  An orc (D)
10 creatures vanquished.

Vanquished Creatures (others)
  An orc (D)
1 creature vanquished.

Grand Total: 98 creatures vanquished

Notes
Turn   | Place    | Note
-------+----------+-------------------------------------------
     0 | D        | boopmooplesden the Minotaur Berserker began the quest for
                  | the Orb.
     0 | D        | Reached XP level 1. HP: 19/19 MP: 0/0
     7 | D        | Reached skill level 4 in Axes
     9 | D        | Reached ** piety under Trog
    17 | D        | Noticed an iguana
    17 | D        | Noticed a sleepcap
    21 | D        | Killed an iguana
    22 | D        | Reached skill level 5 in Fighting
    22 | D        | Reached skill level 6 in Axes
    22 | D        | Reached XP level 2. HP: 27/30 MP: 1/1
    22 | D        | Reached XP level 3. HP: 33/37 MP: 2/2
    24 | D        | Reached *** piety under Trog
    27 | D        | Reached skill level 7 in Axes
    27 | D        | Reached XP level 4. HP: 32/45 MP: 3/3
   205 | D        | Found a snail-covered altar of Cheibriados.
   205 | D        | Found a shadowy altar of Dithmenos.
   205 | D        | Found a white marble altar of Elyvilon.
   205 | D        | Found a blossoming altar of Fedhas.
   205 | D        | Found an opulent altar of Gozag.
   206 | D        | Found a hazy altar of Hepliaklqana.
   207 | D        | Found a viscous altar of Jiyva.
   208 | D        | Found an ancient bone altar of Kikubaaqudgha.
   209 | D        | Found a corrupted altar of Lugonu.
   210 | D        | Found a burning altar of Makhleb.
   211 | D        | Found a sparkling altar of Nemelex Xobeh.
   212 | D        | Found an iron altar of Okawaru.
   213 | D        | Found a stormy altar of Qazlal.
   214 | D        | Found a sacrificial altar of Ru.
   215 | D        | Found a shimmering blue altar of Sif Muna.
   216 | D        | Found a bloodstained altar of Trog.
   217 | D        | Found a hide-covered altar of Uskayaw.
   218 | D        | Found a radiant altar of Vehumet.
   219 | D        | Found an ornate altar of the Wu Jian Council.
   220 | D        | Found a shimmering altar of Xom.
   221 | D        | Found a basalt altar of Yredelemnul.
   222 | D        | Found a glowing silver altar of Zin.
   223 | D        | Found a glowing golden altar of the Shining One.
   268 | D        | Noticed a yak
   268 | D        | Noticed a centaur
   268 | D        | Noticed a two-headed ogre
   268 | D        | Noticed an acid dragon
   274 | D        | Reached **** piety under Trog
   279 | D        | Reached skill level 8 in Axes
   279 | D        | Reached XP level 5. HP: 53/53 MP: 4/4
   281 | D        | Killed a yak
   282 | D        | Reached skill level 10 in Axes
   282 | D        | Reached skill level 5 in Armour
   282 | D        | Reached skill level 5 in Dodging
   282 | D        | Reached XP level 6. HP: 66/66 MP: 5/5
   284 | D        | Killed a two-headed ogre
   285 | D        | Reached skill level 14 in Axes
   285 | D        | Reached XP level 7. HP: 38/77 MP: 6/6
   285 | D        | Reached ***** piety under Trog
   289 | D        | Reached XP level 8. HP: 24/85 MP: 7/7
   570 | D        | Noticed a gargoyle
   570 | D        | Noticed a centaur warrior
   570 | D        | Noticed a guardian serpent
   570 | D        | Noticed a cyclops
   570 | D        | Noticed a centaur warrior
   570 | D        | Noticed a komodo dragon
   573 | D        | Killed a gargoyle
   574 | D        | Reached skill level 15 in Axes
   577 | D        | Killed a centaur warrior
   578 | D        | Reached skill level 16 in Axes
   582 | D        | Killed a guardian serpent
   582 | D        | Received a gift from Trog
   583 | D        | Reached XP level 9. HP: 96/96 MP: 8/8
   587 | D        | Killed a cyclops
   588 | D        | Reached skill level 15 in Fighting
   588 | D        | Reached skill level 17 in Axes
   594 | D        | Killed a centaur warrior
   595 | D        | Reached skill level 18 in Axes
   596 | D        | Killed a komodo dragon
   929 | D        | Noticed a komodo dragon
   929 | D        | Noticed a boulder beetle
   929 | D        | Noticed a death yak
   933 | D        | Killed a komodo dragon
   934 | D        | Noticed a death yak
   938 | D        | Noticed an elephant
   939 | D        | Killed a boulder beetle
   940 | D        | Reached skill level 19 in Axes
   940 | D        | Reached skill level 10 in Armour
   940 | D        | Reached XP level 10. HP: 108/108 MP: 9/9
   942 | D        | Killed a death yak
   952 | D        | Killed a death yak
   953 | D        | Reached skill level 20 in Axes
   953 | D        | Received a gift from Trog
   960 | D        | Killed an elephant
  1281 | D        | Noticed a black mamba
  1281 | D        | Noticed a cane toad
  1285 | D        | Killed a black mamba
  1288 | D        | Reached skill level 1 in Long Blades
  1289 | D        | Killed a cane toad
  1292 | D        | Reached ****** piety under Trog
  1293 | D        | Received a gift from Trog
  1294 | D        | Reached skill level 21 in Axes
  1300 | D        | Reached XP level 11. HP: 75/119 MP: 10/10
  1462 | D        | Reached skill level 5 in Long Blades
  1876 | D        | Noticed Maurice
  1902 | D        | Killed Maurice
  1902 | D        | Received a gift from Trog
  1903 | D        | Reached skill level 1 in Stealth
  1984 | D        | Noticed an orc knight
  1988 | D        | Killed an orc knight
  2005 | D        | Received a gift from Trog
  2020 | D        | Received a gift from Trog
  2059 | D        | Noticed an orc knight
  2066 | D        | Killed an orc knight
  2081 | D        | Received a gift from Trog
  2368 | D        | Found Fuaxicuy's Weapon Emporium.
  2368 | D        | Noticed an orc knight
  2368 | D        | Noticed an orc sorcerer
  2368 | D        | Noticed an orc sorcerer
  2370 | D        | Noticed an orc sorcerer
  2374 | D        | Killed an orc knight
  2374 | D        | Received a gift from Trog
  2375 | D        | Reached skill level 10 in Long Blades
  2375 | D        | Reached skill level 10 in Dodging
  2375 | D        | Noticed an orc knight
  2380 | D        | Killed an orc sorcerer
  2382 | D        | Killed an orc sorcerer
  2383 | D        | Found Tex Lieb's Armour Shoppe.
  2384 | D        | Noticed an orc high priest
  2386 | D        | Found Qusac's Distillery.
  2386 | D        | Noticed an orc high priest
  2388 | D        | Noticed a sun demon
  2393 | D        | Killed an orc sorcerer
  2394 | D        | Found Vuterisel's Magic Scroll Shoppe.
  2399 | D        | Noticed a sixfirhy
  2402 | D        | Killed an orc knight
  2405 | D        | Killed an orc high priest
  2406 | D        | Killed an orc high priest
  2406 | D        | Received a gift from Trog
  2409 | D        | Noticed an orc knight
  2414 | D        | Noticed an orc sorcerer
  2415 | D        | Killed an orc knight
  2417 | D        | Killed an orc sorcerer
  2418 | D        | Reached XP level 12. HP: 72/133 MP: 11/11
  2428 | D        | Reached skill level 15 in Armour
  2456 | D        | Bought a +2 pair of boots for 198 gold pieces
  2671 | D        | Noticed Erica
  2680 | D        | Killed Erica
  2680 | D        | Identified the +6 executioner's axe of Eternity {antimagic,
                  | rElec Str+5} (Trog gifted it to you in the Dungeon)
  2680 | D        | Received a gift from Trog
  2695 | D        | Noticed Urug
  2701 | D        | Killed Urug
  2788 | D        | Got the +0 plate armour of Lilacs {rF++ Str+4}
  2875 | D        | Noticed a tengu warrior
  2875 | D        | Noticed a centaur warrior
  2879 | D        | Noticed a boulder beetle
  2881 | D        | Killed a tengu warrior
  2882 | D        | Noticed a fire giant
  2884 | D        | Noticed a fire giant
  2889 | D        | Identified the +3 executioner's axe of Blood {flame, rPois
                  | rF+ Will+ Stlth+} (Trog gifted it to you in the Dungeon)
  2889 | D        | Received a gift from Trog
  2890 | D        | Reached skill level 22 in Axes
  2890 | D        | Noticed a white very ugly thing
  2894 | D        | Killed a centaur warrior
  2895 | D        | Noticed a white very ugly thing
  2896 | D        | Killed a boulder beetle
  2897 | D        | Noticed an ettin
  2900 | D        | Killed a fire giant
  2902 | D        | Killed a fire giant
  2906 | D        | Noticed a fire dragon
  2907 | D        | Annihilated by a white very ugly thing

Illustrated notes

Levels and vault maps discovered:
D:        linesprint [early_d, line_temple, items_1, d_10, items_2, lair_1,
          lair_end, items_3, orc_1, orc_end, items_4, d_15, swamp_1, shoals_1,
          snake_1, spider_1, d_20, vaults_1, items_5, swamp_end, shoals_end,
          snake_end, spider_end, vaults_end, d_27, items_6, zot_1, zot_end,
          crypt_end, forest_end, elf_end, slime_end, tomb_end, abyss_end,
          pan_hell_end]

Skill      XL: |  1  2  3  4  5  6  7  8  9 10 11 12 |
---------------+-------------------------------------+-----
Fighting       | 5 6 8 9 12 14 16 18 20 21 | 21.7
Axes           | 6 7 8 10 14 16 19 21 22 | 22.6
Armour         | 3 4 5 6 7 8 10 12 14 16 | 16.5
Dodging        | 3 4 5 6 7 8 9 10 | 10.7
Long Blades    | 3 11 12 | 12.3
Stealth        | 1 2 |  2.3

Action                     |  1- 3 |  4- 6 |  7- 9 | 10-12 || total
---------------------------+-------+-------+-------+-------++-------
  Melee: Hand axe          |    15 |     2 |       |       ||    17
         Headbutt          |     3 |     4 |     7 |    34 ||    48
         War axe           |       |    15 |    32 |    17 ||    64
         Great sword       |       |       |       |    51 ||    51
         Battleaxe         |       |       |       |    89 ||    89
         Executioner's axe |       |       |       |    22 ||    22
 Invoke: Berserk           |     1 |     1 |     2 |     6 ||    10
         Brothers in Arms  |       |       |       |     3 ||     3
    Use: Scroll            |       |       |     4 |       ||     4
         Potion            |       |       |       |     2 ||     2
 Armour: Animal skin       |     2 |       |       |       ||     2
         Chain mail        |       |     6 |    14 |    81 ||   101
         Plate armour      |       |       |       |    30 ||    30
  Dodge: Dodged            |     5 |     6 |    18 |    94 ||   123
